 Dungeon Crawl Stone Soup version 0.22-a0-362-g535178c (webtiles) character file.

4 Amnesiac the Grave Robber (level 1, -1/13 HPs)
             Began as a Mummy Necromancer on Apr 19, 2018.
             Slain by a bullfrog skeleton (5 damage)
             ... on level 4 of the Dungeon.
             The game lasted 00:00:36 (307 turns).

Amnesiac the Grave Robber (Mummy Necromancer)        Turns: 307, Time: 00:00:37

Health: -1/13      AC:  2    Str: 11    XL:     1   Next: 50%
Magic:  4/4        EV: 12    Int: 14    God:
Gold:   10         SH:  0    Dex: 12    Spells: 4/5 levels left

rFire    x . .     SeeInvis .   b - +0 hunting sling
rCold    + . .     Gourm    .   (no shield)
rNeg     + + +     Faith    .   a - +0 robe
rPois    ∞         Spirit   .   (no helmet)
rElec    .         Reflect  .   (no cloak)
rCorr    .         Harm     .   (no gloves)
MR       .....                  (no boots)
Stlth    ++........             (no amulet)
HPRegen  0.04/turn              (no ring)
MPRegen  0.09/turn              (no ring)

@: no status effects
A: no food or potions, fire vulnerability, cold resistance 1, negative energy
resistance 3, torment resistance, unbreathing
a: no special abilities


You were on level 4 of the Dungeon.
You were not hungry.

You visited 1 branch of the dungeon, and saw 4 of its levels.

You collected 10 gold pieces.

Inventory:

Hand Weapons
 b - a +0 hunting sling (weapon)
Missiles
 c - 15 stones (quivered)
Armour
 a - a +0 robe (worn)


   Skills:
 + Level 0.2 Fighting
 * Level 1.7 Dodging
 - Level 1.5 Stealth
 + Level 2.8 Spellcasting
 + Level 4.0 Necromancy


You had 4 spell levels left.
You knew the following spells:

 Your Spells              Type           Power        Failure   Level  Hunger
a - Pain                  Necr           ##..         4%          1    N/A

Dungeon Overview and Level Annotations

Branches:
Dungeon (4/15)
 Temple: D:4-7

Altars:


Innate Abilities, Weirdness & Mutations

You do not eat or drink.
Your flesh is vulnerable to fire.
You are immune to poison.
Your flesh is cold resistant. (rC+)
You are immune to negative energy. (rN+++)
You are immune to unholy pain and torment.
You can survive without breathing.


Message History

Aim: a bullfrog skeleton (lightly damaged)
You shoot a stone. The stone hits the bullfrog skeleton.
The bullfrog skeleton is moderately damaged.
Firing (i - inventory)
c - 22 stones (quivered)
Press: ? - help, Shift-Dir - straight line, f/p - bullfrog skeleton
Aim: a bullfrog skeleton (moderately damaged)
You shoot a stone. The stone hits the bullfrog skeleton.
The bullfrog skeleton is heavily damaged.
The bullfrog skeleton closely misses you.
Firing (i - inventory)
c - 21 stones (quivered)
Press: ? - help, Shift-Dir - straight line, f/p - bullfrog skeleton
Aim: a bullfrog skeleton (heavily damaged)
You shoot a stone. The stone hits the bullfrog skeleton.
The bullfrog skeleton is heavily damaged.
The bullfrog skeleton hits you.
The bullfrog skeleton hits you but does no damage.
The bullfrog skeleton closely misses you.
You climb upwards.
There is a stone staircase leading down here.
You start resting.
HP restored.
You start resting.
HP restored.
You climb downwards.
A bullfrog skeleton comes into view.
There is a stone staircase leading up here.
Firing (i - inventory)
c - 20 stones (quivered)
Press: ? - help, Shift-Dir - straight line, f - bullfrog skeleton
Aim: a bullfrog skeleton You shoot a stone.
The stone barely misses the bullfrog skeleton.
Firing (i - inventory)
c - 19 stones (quivered)
Press: ? - help, Shift-Dir - straight line, f - bullfrog skeleton, p - bullfrog skeleton
Aim: a bullfrog skeleton (heavily damaged)
You shoot a stone. The stone hits the bullfrog skeleton!
The bullfrog skeleton is almost destroyed.
Unknown command.
Firing (i - inventory)
c - 18 stones (quivered)
Press: ? - help, Shift-Dir - straight line, f/p - bullfrog skeleton
Aim: a bullfrog skeleton (almost destroyed)
You shoot a stone. The stone hits the bullfrog skeleton.
The bullfrog skeleton is almost destroyed.
The bullfrog skeleton barely misses you.
The bullfrog skeleton closely misses you.
The bullfrog skeleton barely misses you.
Unknown command.
Firing (i - inventory)
c - 17 stones (quivered)
Press: ? - help, Shift-Dir - straight line, f/p - bullfrog skeleton
Aim: a bullfrog skeleton (almost destroyed)
You shoot a stone.
The stone completely misses the bullfrog skeleton.
The bullfrog skeleton barely misses you.
The bullfrog skeleton hits you.
Firing (i - inventory)
c - 16 stones (quivered)
Press: ? - help, Shift-Dir - straight line, f/p - bullfrog skeleton
Aim: a bullfrog skeleton (almost destroyed)
You shoot a stone.
The stone barely misses the bullfrog skeleton.
The bullfrog skeleton hits you.
The bullfrog skeleton barely misses you.
The bullfrog skeleton hits you. x2
* * * LOW HITPOINT WARNING * * *
The bullfrog skeleton hits you.
You die...

.#############
.............#
.............#
......Z@Z((.(#
..........(..#
...........(...
.#+########....
... .. .


You could see 2 bullfrog skeletons.

Vanquished Creatures
  A bat (D:1)
  A goblin (D:1)
  A kobold (D:1)
  A rat (D:1)
4 creatures vanquished.

Notes
Turn   | Place    | Note
-------+----------+-------------------------------------------
     0 | D:1      | Amnesiac the Mummy Necromancer began the quest for the Orb.
     0 | D:1      | Reached XP level 1. HP: 13/13 MP: 4/4
   307 | D:4      | Slain by a bullfrog skeleton

Vault maps used:
D:1:      dpeg_arrival_chase
D:3:      first_ration, okawaru_trees_2, uniq_ijyb
D:4:      serial_shops, nicolae_shop_waterfront, elyvilon_altar_1

Action                   || total
-------------------------++-------
 Fire: Hunting sling     ||     9
 Cast: Pain              ||     5
Armor: Robe              ||     1
Dodge: Dodged            ||     8

Table legend:
 A = Spawn XP
 B = Non-spawn XP
 C = Spawn XP percentage of total XP
 D = Spawn monster count
 E = Non-spawn monster count
 F = Spawn count percentage of total count
 G = Total turns spent on level
                    A         B        C        D         E        F      G
               +---------+---------+-------+---------+---------+-------+---------
         Total |       0 |       6 |   0.0 |       0 |       4 |   0.0 |   307
               +---------+---------+-------+---------+---------+-------+---------
           D:1 |       0 |       6 |   0.0 |       0 |       4 |   0.0 |   122
               +---------+---------+-------+---------+---------+-------+---------
